 Dungeon Crawl Stone Soup version 0.31-a0-1370-gf52a5a9ab3 (webtiles) character file.

Game seed: 13752845816844382021

354 Zonian the Ducker (level 6, -1/48 HPs)
             Began as a Felid Shapeshifter on Dec 24, 2023.
             Slain by Grinder (5 damage)
             ... on level 4 of the Dungeon.
             The game lasted 00:08:18 (3695 turns).

Zonian the Ducker (Felid Shapeshifter)              Turns: 3695, Time: 00:08:18

Health: -1/48      AC:  2    Str: 10    XL:     6   Next: 35%
Magic:  7/7        EV: 19    Int: 14    God:
Gold:   108        SH:  0    Dex: 17    Spells: 5/5 levels left
                                        Lives:  0   Deaths: 2

rFire   + .          .
                       - Unarmed
rCold   . . .        (shield unavailable)
rNeg    . . .        (body armour unavailable)
rPois   .            (helmet unavailable)
rElec   .            (cloak unavailable)
rCorr   .            (gloves unavailable)
SInv    +            (boots unavailable)
Will    +....        (no amulet) Stlth
                     (no ring)
HPRegen 0.28/turn    (no ring)
MPRegen 0.10/turn

%: no passive effects
@: berserking, beast-form, attractive, enlightened, flying, very quick
A: beast (slay +2), very small, claws 1, fangs 3, see invisible, shaggy fur 2,
stealthy paws, no weapons or thrown items, no armour, multi-lived, horns 1, fire
resistance 1, teleportitis 1, MP-powered wands
a: Begin Untransformation


You were on level 4 of the Dungeon.
You were a hulking beast.
You visited 1 branch of the dungeon, and saw 4 of its levels.

You collected 108 gold pieces.


Innate Abilities, Weirdness & Mutations

You are a hulking beast.
Your limbs bulge with bestial killing power. (Slay +2)
You have sharp claws.
You have razor-sharp teeth.
You have supernaturally acute eyesight. (SInv)
You are covered in thick fur. (AC +2)
Your paws help you pounce on unaware monsters.
You are incapable of wielding weapons or throwing items.
You cannot wear armour.
You gain extra lives every three experience levels.
You have a pair of small horns on your head.
Your flesh is heat resistant. (rF+)
You are occasionally teleported next to monsters.
You expend magic power (3 MP) to strengthen your wands.


   Skills:
 + Level 3.1 Fighting
 + Level 5.0 Dodging
 + Level 4.4 Unarmed Combat
 + Level 3.8 Shapeshifting


You had 5 spell levels left.
You didn't know any spells.
Your spell library contained the following spells:

 Spells                   Type           Power      Damage    Failure   Level
 Sandblast                Erth           0%         2d4       28%         1
 Passwall                 Alch/Erth      0%         N/A       41%         2
 Stone Arrow              Conj/Erth      0%         3d7       65%         3
 Tukima's Dance           Hex            0%         N/A       65%         3
 Brom's Barrelling Bould  Conj/Erth      0%         2d3       96%         4
 Passage of Golubria      Tloc           0%         N/A       96%         4
 Yara's Violent Unravell  Hex/Alch       0%         3d3       100%        5

Inventory:

Jewellery
 m - a ring of flight
   (You took it off an orc on level 3 of the Dungeon)
Talismans
 b - a beast talisman
 c - a flux talisman
 i - a flux talisman
   (You found it on level 2 of the Dungeon)
Wands
 l - a wand of charming (10)
   (You found it on level 3 of the Dungeon)
Scrolls
 f - 5 scrolls of teleportation {unknown}
 g - 2 scrolls of enchant weapon {unknown}
 h - a scroll of fog {unknown}
 j - 4 scrolls of identify {unknown}
 k - a scroll of noise {unknown}
Potions
 a - a potion of lignification {!q}
 d - a potion of mutation {!q}
 e - a potion of attraction {!q}
 n - a potion of cancellation {unknown}
 o - a potion of resistance {unknown}
 p - a potion of enlightenment
 q - a potion of invisibility {unknown}

Dungeon Overview and Level Annotations

Branches:
Dungeon (4/15) Zot: 26709
 Temple: D:4-7

Altars:
Dithmenos
Kikubaaqudgha
Makhleb
Okawaru
Uskayaw

Annotations:
D:4 Grinder

#. .#.# #(. #.# ...
# #.# ######### #
#.# #.#.#⌠#_### #.#
##.#.#.#.#.8
##.#####_..........
#..5...#...........
#.h# #_.#.#.#.#.8
#..########_#8#####
#.....# ##### ##
##.##.## #.
##.#....##### #.
#.###.......# #.
##.#....###.# # #.
##.##)## #.# #.##.
####.# #.# #....


You could see Grinder.


Message History

An iguana is nearby!
You see here 10 gold pieces.
No target in view!
No target in view!
No target in view!
You see here 10 gold pieces.
There are no items here.
The iguana hisses angrily.
You see here 10 gold pieces.
You now have 108 gold pieces (gained 10).
The iguana closely misses you.
You scratch the iguana. You bite the iguana. The iguana barely misses you.
You claw the iguana! You bite the iguana. The iguana completely misses you.
You claw the iguana!
You kill the iguana!
Your Dodging skill increases to level 5!
No target in view!
Unknown command.
f - 5 scrolls labelled MUISTEN DUPAF (gained 1)
r - a smoky clear potion
Found a stone staircase leading up.
Unknown command.
There is a stone staircase leading up here.
An orc comes into view. It is wielding a +0 dagger.
The orc shouts!
An orc is nearby!
Unknown command.
The orc hits you but does no damage.
You scratch the orc.
The orc hits you with a +0 dagger. 😕 HP[-1]
You take 1 damage, and now have 31/32 hp.
You scratch the orc.
You kill the orc! 😎 HP[+1]
Your hp is fully restored (32).
No target in view!
No target in view!
j - 4 scrolls labelled IMIGHI XOREJAD (gained 1)
You see here a +0 dagger {short}.
Grinder comes into view.
Grinder shouts!
Grinder barely misses you.
You closely miss Grinder. You bite Grinder. Grinder closely misses you.
You barely miss Grinder. Grinder misses you.
You scratch Grinder but do no damage. Grinder hits you! 😕 HP[-7]
You take 7 damage, and now have 25/32 hp.
MASSIVE DAMAGE!! (PAUSE)
You closely miss Grinder. Grinder gestures at you.
You resist with significant effort.
You closely miss Grinder. Grinder completely misses you.
Unknown command.
You scratch Grinder. You closely miss Grinder. Grinder hits you.
You writhe in agony.
* * * LOW HITPOINT WARNING * * *
😨 HP[-10]
You take 10 damage, and now have 15/32 hp.
MASSIVE DAMAGE!! (PAUSE)
You closely miss Grinder. Your claw misses Grinder. Grinder gestures at you.
You suddenly lose the ability to move!
Grinder gestures at you. Pain shoots through your body!
* * * LOW HITPOINT WARNING * * *
Grinder gestures at you. You resist with some effort. Grinder gestures at you.
You resist with significant effort.
You can move again. 😨 HP[-5]
You take 5 damage, and now have 10/32 hp.
It was a potion of mutation.
You feel extremely strange.
You feel resistant to heat.
You feel weirdly uncertain.
You feel your magical essence link to the dungeon's wands.
A pair of horns grows on your head! Grinder barely misses you. 😨 HP[+1]
Okay, then.
It was a potion of attraction.
You feel attractive to monsters. Grinder completely misses you.
It was a potion of enlightenment.
You feel very buoyant.
You fly up into the air.
Grinder hits you!
* * * LOW HITPOINT WARNING * * *
😱 HP[-8]
You take 8 damage, and now have 3/32 hp.
MASSIVE DAMAGE!! (PAUSE) It was a potion of berserk rage.
A red film seems to cover your vision as you go berserk!
You feel yourself moving faster!
You feel mighty! Grinder misses you. 😱 HP[+2]
You now have 48 max hp (+16).
You regained 2 hp, and now have 5/48 hp.
You scratch Grinder. You headbutt Grinder!! Grinder hits you.
* * * LOW HITPOINT WARNING * * *
You writhe in agony.
You die...
Grinder says, "Now the real fun starts!"

Skill      XL: |  1  2  3  4  5  6 |
---------------+-------------------+-----
Dodging        | 3 4 5 |  5.0
Shapeshifting  | 3 |  3.8
Fighting       | 2 3 |  3.1
Unarmed Combat | 4 |  4.4

Action                     |  1- 3 |  4- 6 || total
---------------------------+-------+-------++-------
  Melee: Unarmed           |    86 |   115 ||   201
         Punch             |     3 |     5 ||     8
         Bite              |     8 |    11 ||    19
         Headbutt          |       |     1 ||     1
    Use: Potion            |       |     4 ||     4
   Stab: Sleeping          |     2 |       ||     2
 Armour: Skin              |    25 |    38 ||    63
  Dodge: Dodged            |    40 |   120 ||   160

Levels and vault maps discovered:
D:1:      amcnicky_arrival_underground_garden, layout_basic
D:2:      layout_loops_ring, fountainhead
D:3:      layout_basic, okawaru_trees_2, uniq_terence, uniq_jessica
D:4:      minmay_diamond_boxcup, layout_loops_ring, minitemple, uniq_grinder

Notes
Turn   | Place    | Note
-------+----------+-------------------------------------------
     0 | D:1      | Zonian the Felid Shapeshifter began the quest for the Orb.
     0 | D:1      | Reached XP level 1. HP: 10/10 MP: 2/2
     0 | D:1      | magus.rc [v1.9.6]
    22 | D:1      | HP: 1/10 [frozen (3)]
   432 | D:1      | HP: 2/10 [frozen (2)]
   434 | D:1      | Reached skill level 3 in Dodging
   434 | D:1      | Reached XP level 2. HP: 4/14 MP: 3/3
   624 | D:1      | You add the spells Tukima's Dance, Passage of Golubria and
                  | Yara's Violent Unravelling to your library.
  1200 | D:2      | Reached skill level 3 in Shapeshifting
  1200 | D:2      | Reached XP level 3. HP: 15/18 MP: 4/4
  1978 | D:3      | Noticed Terence
  2032 | D:3      | Killed Terence
  2033 | D:3      | Reached XP level 4. HP: 11/23 MP: 5/5
  2243 | D:3      | Reached skill level 2 in Fighting
  2300 | D:3      | Slain by an orc
  2334 | D:3      | You pick up a book of Geomancy and begin reading...
  2334 | D:3      | You add the spells Sandblast, Passwall, Stone Arrow and
                  | Brom's Barrelling Boulder to your library.
  2391 | D:3      | Reached skill level 4 in Dodging
  2559 | D:3      | Found an iron altar of Okawaru.
  2732 | D:3      | Noticed Jessica
  2736 | D:3      | Reached XP level 5. HP: 11/27 MP: 6/6
  2739 | D:3      | Reached skill level 4 in Unarmed Combat
  2739 | D:3      | HP: 5/27 [orc wizard/puff of flame (7)]
  2749 | D:3      | Killed from afar by Jessica
  2833 | D:3      | Killed Jessica
  3115 | D:3      | Identified the +9 whip "Ufiegeco" {flame, rElec rCorr
                  | Str+2}
  3412 | D:4      | Gained mutation: You are covered in thick fur. (AC +2)
                  | [Felid growth]
  3412 | D:4      | Reached XP level 6. HP: 30/32 MP: 7/7
  3513 | D:4      | Reached skill level 3 in Fighting
  3554 | D:4      | Found a hide-covered altar of Uskayaw.
  3556 | D:4      | Found a shadowy altar of Dithmenos.
  3556 | D:4      | Found a burning altar of Makhleb.
  3562 | D:4      | Found an ancient bone altar of Kikubaaqudgha.
  3608 | D:4      | Reached skill level 5 in Dodging
  3678 | D:4      | Noticed Grinder
  3687 | D:4      | Paralysed by Grinder for 3 turns
  3691 | D:4      | Gained mutation: Your flesh is heat resistant. (rF+)
                  | [potion of mutation]
  3691 | D:4      | Gained mutation: You are occasionally teleported next to
                  | monsters. [potion of mutation]
  3691 | D:4      | Gained mutation: You expend magic power (3 MP) to
                  | strengthen your wands. [potion of mutation]
  3691 | D:4      | Gained mutation: You have a pair of small horns on your
                  | head. [potion of mutation]
  3693 | D:4      | HP: 3/32 [Grinder (8)]
  3695 | D:4      | Slain by Grinder

Vanquished Creatures
  2 hounds
  An iguana (D:4)
  Jessica (D:3)
  Terence (D:3)
  2 orc wizards (D:3)
  4 gnolls (D:3)
  7 adders
  A dart slug (D:2)
  5 orcs
  3 ball pythons
  3 bats
  6 endoplasms
  7 goblins
  8 hobgoblins
  A quokka (D:3)
  2 frilled lizards (D:3)
  6 kobolds
  9 rats
69 creatures vanquished.

Table legend:
 A = Non-vault XP
 B = Vault XP
 C = Vault XP percentage of total XP
 D = Non-vault monster count
 E = Vault monster count
 F = Vault count percentage of total count
                 A         B        C        D         E       F
            +---------+---------+-------+---------+---------+-------
      Total |     434 |      73 |  14.4 |      67 |       2 |   2.9
            +---------+---------+-------+---------+---------+-------
        D:1 |      27 |       0 |   0.0 |      17 |       0 |   0.0
        D:2 |      33 |       0 |   0.0 |      13 |       0 |   0.0
        D:3 |     246 |      73 |  22.9 |      30 |       2 |   6.2
        D:4 |     128 |       0 |   0.0 |       7 |       0 |   0.0
            +---------+---------+-------+---------+---------+-------

Skill      XL: |  1  2  3  4  5  6 |
---------------+-------------------+-----
Dodging        | 3 4 5 |  5.0
Shapeshifting  | 3 |  3.8
Fighting       | 2 3 |  3.1
Unarmed Combat | 4 |  4.4

Action                     |  1- 3 |  4- 6 || total
---------------------------+-------+-------++-------
  Melee: Unarmed           |    86 |   115 ||   201
         Punch             |     3 |     5 ||     8
         Bite              |     8 |    11 ||    19
         Headbutt          |       |     1 ||     1
    Use: Potion            |       |     4 ||     4
   Stab: Sleeping          |     2 |       ||     2
 Armour: Skin              |    25 |    38 ||    63
  Dodge: Dodged            |    40 |   120 ||   160

Illustrated notes

Table legend:
 A = Kills in this place as a percentage of kills in the entire game.
 B = Kills by you in this place as a percentage of kills by you in the entire game.
 C = Kills by friends in this place as a percentage of kills by friends in the entire game.
 D = Other kills in this place as a percentage of other kills in the entire game.
 E = Experience gained in this place as a percentage of experience gained in the entire game.
 F = Experience gained in this place divided by the number of levels of this place that you have seen.
                   A       B       C       D       E      F
               +-------+-------+-------+-------+-------+----------------------
         Total | 100.0 | 100.0 |   N/A |   N/A | 100.0 | 126.8
       Dungeon | 100.0 | 100.0 |   N/A |   N/A | 100.0 | 126.8
               +-------+-------+-------+-------+-------+----------------------

Table legend: (Time is in decaauts)
 A = Elapsed time spent in this place.
 B = Non-inter-level travel time spent in this place.
 C = Inter-level travel time spent in this place.
 D = Time resting spent in this place.
 E = Time spent auto-exploring this place.
 F = Levels seen in this place.
 G = Mean time per level.
                   A        B        C        D        E       F      G
               +--------+--------+--------+--------+--------+-----+--------+
         Total |   3683 |   3519 |    164 |    938 |   1950 |   4 |  920.8 |
       Dungeon |   3683 |   3519 |    164 |    938 |   1950 |   4 |  920.8 |
               +--------+--------+--------+--------+--------+-----+--------+

Top non-repeatable levels by time:
     D:3: 1421 daAuts
     D:1: 1145 daAuts
     D:2: 826 daAuts
     D:4: 289 daAuts
